 Dungeon Crawl Stone Soup version 0.30.0-29-ga12c61a403 (webtiles) character file.

Game seed: 2379274491023439481

21 NateTC the Shield-Bearer (level 2, 29/29 HPs)
             Began as a Troll Fighter on June 19, 2023.
             Was an Initiate of Gozag.
             Quit the game on level 1 of the Dungeon.
             The game lasted 00:03:27 (872 turns).

NateTC the Shield-Bearer (Troll Fighter)             Turns: 872, Time: 00:03:28

Health: 29/29      AC:  4    Str: 23    XL:     2   Next: 65%
Magic:  1/1        EV:  8    Int:  4    God:    Gozag
Gold:   36         SH:  7    Dex:  9    Spells: 1/1 levels left

rFire   . .          .
                       - Unarmed
rCold   . . .        b - +0 kite shield
rNeg    . . .        a - +0 robe
rPois   .            (helmet restricted)
rElec   .            (no cloak)
rCorr   .            (gloves unavailable)
SInv    .            (boots unavailable)
Will    +....        (no amulet)
Stlth   +            l - ring of willpower
HPRegen 1.04/turn    (no ring)
MPRegen 0.07/turn

%: no passive effects
@: no status effects
A: large, unfitting armour, claws 3, regeneration 1, shaggy fur 1, tough skin 1
a: Renounce Religion, Potion Petition, Call Merchant, Bribe Branch


You were on level 1 of the Dungeon.
You worshipped Gozag.
Gozag was noncommittal.
You visited 1 branch of the dungeon, and saw 1 of its levels.

You collected 36 gold pieces.

Inventory:

Armour
 a - a +0 robe (worn)
 b - a +0 kite shield (worn)
Jewellery
 l - a ring of willpower (left claw)
Scrolls
 d - 2 scrolls of teleportation {unknown}
 f - 2 scrolls of identify {unknown}
 g - a scroll of fog {unknown}
 j - a scroll of enchant armour {unknown}
Potions
 c - a potion of might
 e - a potion of degeneration {unknown}
 h - a potion of haste {unknown}
 i - a potion of mutation {unknown}
 k - a potion of cancellation {unknown}


   Skills:
 + Level 2.6 Fighting
 - Level 2.4 Dodging
 + Level 2.9 Shields
 * Level 2.7 Unarmed Combat


You had one spell level left.
You didn't know any spells.
Your spell library contained the following spells:

 Spells                   Type           Power      Damage    Failure   Level
 Shock                    Conj/Air       0%         1d3       78%         1
 Swiftness                Air            0%         N/A       98%         3
 Airstrike                Air            0%         2d(0-16)  100%        4


Dungeon Overview and Level Annotations

Branches:
Dungeon (1/15) Zot: 5126

Altars:
Gozag


Innate Abilities, Weirdness & Mutations

You are too large for most types of armour.
You have claws for hands.
Your natural rate of healing is unusually fast.
You are covered in fur. (AC +1)
You have tough skin. (AC +1)


Message History

You claw the goblin!
You kill the goblin!
Things that are here:
a +2 dagger of electrocution; a goblin corpse
l - a ring of willpower
l - a ring of willpower (left claw)
Things that are here:
a +2 dagger of electrocution; a goblin corpse An endoplasm is nearby!
An endoplasm is nearby!
The endoplasm quivers.
The endoplasm barely misses you.
There is a huge open gate here.
You claw the endoplasm!
You kill the endoplasm!
There is a huge open gate here.
There is a huge open gate here.
There is a huge open gate here.
There is a huge open gate here.
Found a stone staircase leading down.
There is an open door here.
There is an open door here.
There is an open door here.
There is an open door here.
You see here a rat skeleton.
Partly explored, can't reach some places.
Partly explored, can't reach some places.
Partly explored, can't reach some places.
Search for what [? for help]? altar You see here a rat skeleton.
There is a huge open gate here.
There is a huge open gate here.
There is a faded altar of an unknown god here.
This altar belongs to (a) Wu Jian, (b) Trog or (c) Gozag, but you can't tell which.
Press the corresponding letter to learn more about a god, or press enter to convert or escape to cancel.
Gozag accepts your prayer! Gozag welcomes you!
Gozag waives the service fee.
Are you sure you want to abandon this character and quit the game? (Confirm with "yes".)
Okay, then.
Are you sure you want to abandon this character and quit the game? (Confirm with "yes".)

# #.# #.# #.#####.# #..##
#####.####.####.#####.# #..##
...........#..........#######..##
#####.######.##.####...........##
# #.######.##.####.########..##
#..............#.# #....
##########..'''''#.# ##.##
#...>.......'''''(.# #.## #
#.########..''@''..# #.##
###.###.#####.'''''..#########.##
....##......#.'''''####........##
..........#.###....####.#########
######...##...............)......
##.###############.######### ###
###


There were no monsters in sight!

Vanquished Creatures
  A gnoll (D:1)
  An endoplasm (D:1)
  4 goblins (D:1)
  A ball python (D:1)
  3 frilled lizards (D:1)
  2 kobolds (D:1)
  A rat (D:1)
13 creatures vanquished.

Notes
Turn   | Place    | Note
-------+----------+-------------------------------------------
     0 | D:1      | NateTC the Troll Fighter began the quest for the Orb.
     0 | D:1      | Reached XP level 1. HP: 22/22 MP: 0/0
   235 | D:1      | Reached XP level 2. HP: 27/29 MP: 1/1
   261 | D:1      | Found a faded altar of an unknown god.
   871 | D:1      | Prayed at the altar of an unknown god.
   871 | D:1      | Became a worshipper of Gozag Ym Sagoz the Greedy
   872 | D:1      | Quit the game

Illustrated notes

Levels and vault maps discovered:
D:1:      heliophobic_arrival_glass_houses, layout_loops_ring,
          hellmonk_ecumenical_altar_heavens_door

Action                     || total
---------------------------++-------
  Melee: Unarmed           ||    20
 Armour: Robe              ||     5
  Dodge: Dodged            ||     5
  Block: Kite shield       ||     2
